 Dungeon Crawl Stone Soup version 0.26.1-16-g4e020e15dc (webtiles) character file.

Game seed: 18029431105684658855

1403 GimliDwarf the Ruffian (level 8, -2/63 HPs)
             Began as a Yellow Draconian Transmuter on Feb 4, 2023.
             Slain by an orc warrior
             ... wielding a +0 glaive
              (11 damage)
             ... on level 6 of the Dungeon.
             The game lasted 00:16:14 (6304 turns).

GimliDwarf the Ruffian (DrTm)                       Turns: 6304, Time: 00:16:14

Health: -2/63      AC:  8    Str: 15    XL:     8   Next: 42%
Magic:  14/15      EV: 12    Int: 14    God:
Gold:   246        SH:  0    Dex: 11    Spells: 14/17 levels left

rFire    . . .     SeeInvis .     - Unarmed
rCold    + . .     Faith    .   (no shield)
rNeg     . . .     Spirit   .   (armour unavailable)
rPois    +         Reflect  .   (helmet currently unavailable)
rElec    .         Harm     .   e - +1 cloak {Stlth+}
rCorr    +         Rampage  .   (no gloves)
Will     .....                  (boots currently unavailable)
Stlth    +.........             (no amulet)
HPRegen  0.20/turn              g - ring of poison resistance
MPRegen  0.14/turn              l - ring of protection from cold

@: confused, appendages
A: spit acid, unfitting armour, horns 2, talons 2, cold-blooded, acid
resistance, AC +6
a: Breathe Acid, End Transformation


You were on level 6 of the Dungeon.
You had grown temporary horns.
You had grown temporary talons.
You visited 1 branch of the dungeon, and saw 6 of its levels.

You collected 246 gold pieces.

Inventory:

Hand Weapons
 d - a +0 whip of pain
 x - a +3 vorpal shortbow
Missiles
 y - 54 arrows
Armour
 a - a +0 pair of boots (melded)
 e - a +1 cloak of stealth (worn)
 m - a +0 pair of gloves
Jewellery
 b - an uncursed ring of ice
 g - a ring of poison resistance (left hand)
 l - a ring of protection from cold (right hand)
 v - an uncursed ring of stealth {unknown}
 A - a +6 ring of dexterity {unknown}
Scrolls
 f - 7 scrolls of remove curse
 p - 3 scrolls of amnesia
 u - 2 scrolls of teleportation {unknown}
 w - a scroll of enchant armour {unknown}
 z - a scroll of identify
Potions
 c - a potion of attraction
 h - 4 potions of heal wounds {unknown}
 i - 4 potions of might
 j - a potion of lignification {unknown}
 k - 2 potions of curing {unknown}
 n - a potion of mutation {unknown}
 o - 2 potions of haste {unknown}
 q - a potion of magic {unknown}
 r - 2 potions of cancellation {unknown}
 s - a potion of brilliance {unknown}
 t - a potion of ambrosia {unknown}


   Skills:
 + Level 3.1 Fighting
 - Level 1.7 Dodging
 * Level 3.1 Stealth
 + Level 7.1 Unarmed Combat
 * Level 5.3 Spellcasting
 * Level 4.6 Transmutations


You had 14 spell levels left.
You knew the following spells:

 Your Spells              Type           Power        Failure   Level
a - Beastly Appendage     Tmut           32%          2%          1
b - Wereblood             Tmut           16%          3%          2

Your spell library contained the following spells:

 Spells                   Type           Power        Failure   Level
 Animate Skeleton         Necr           6%           17%         1
 Pain                     Necr           12%          17%         1
 Spider Form              Tmut/Pois      5%           21%         3
 Vampiric Draining        Necr           1%           45%         3
 Ice Form                 Ice/Tmut       10%          54%         4
 Blade Hands              Tmut           8%           56%         5
 Animate Dead             Necr           1%           86%         4
 Agony                    Necr           3%           99%         5


Dungeon Overview and Level Annotations

Branches:
Dungeon (6/15)
 Temple: D:4-7

Altars:

Annotations:
D:5 2 runed translucent doors, lake5's ghost, novice GrEE


Innate Abilities, Weirdness & Mutations

You can spit globs of acid.
Your golden yellow scales are hard. (AC +6)
You cannot fit into any form of body armour.
You are cold-blooded and may be slowed by cold attacks.
You are resistant to acid. (rCorr)
You have a pair of horns on your head.
You have razor-sharp toenails.


Message History

You grow a pair of large bovine horns.
Your feet morph into talons.
Your +0 pair of boots melds into your body.
You howl as the wereblood boils in your veins!
The orc warrior closely misses you.
You hear some strange, mumbled words.
You are confused.
The orc warrior hits you from afar with a +0 glaive!!
* * * LOW HITPOINT WARNING * * *
Something hits you but does no damage.
You barely miss something. Your headbutt misses something.
You howl as the wereblood boils in your veins!
Your primal bloodlust has ended.
Something hits you.
* * * LOW HITPOINT WARNING * * *
The orc warrior closely misses you.
You closely miss something. Your kick misses something. Something hits you.
* * * LOW HITPOINT WARNING * * *
You bump into the rock wall.
The orc warrior hits you from afar with a +0 glaive!
You die...

##########....##.#.##.#
# #...÷.
...............#.#.##.#
#.....
##############.#.#.##.#
#..... #...#....#
#..... ##..######.
#..... #.(.......
###### ##.######. ##
#######{########.# #.
##.?#oo)@..†......# #.
##.....###.#######.# #.
#..≈.≈.# #.# #.
#..≈≈..# #.# #.
#..≈...# #.# ##
#?.....# #.# # #.##.≈.#
#.. # #. ..... ... # #
#..... #


You could see an orc warrior and an orc.

Vanquished Creatures
  A black bear (D:6)
  A phantom (D:6)
  4 ogres
  A centaur (D:6)
  A water moccasin skeleton (D:4)
  2 scorpions
  2 howler monkeys
  A bullfrog zombie (D:6)
  2 hounds
  A jelly (D:4)
  An orc wizard (D:4)
  An orc priest (D:4)
  2 iguanas
  4 worker ants
  A howler monkey zombie (D:6)
  3 gnolls
  12 adders
  A white imp (D:5)
  An ooze (D:2)
  A worm (D:2)
  A dart slug (D:1)
  2 leopard geckos
  9 orcs
  A ball python (D:3)
  6 giant cockroaches
  10 goblins
  11 hobgoblins
  7 jackals
  5 quokkas
  6 bats
  2 frilled lizards (D:3)
  8 kobolds
  A leopard gecko zombie (D:5)
  4 rats
116 creatures vanquished.

Notes
Turn   | Place    | Note
-------+----------+-------------------------------------------
     0 | D:1      | GimliDwarf the Draconian Transmuter began the quest for the
                  | Orb.
     0 | D:1      | Reached XP level 1. HP: 16/16 MP: 3/3
   647 | D:1      | Reached XP level 2. HP: 23/23 MP: 3/5
  1080 | D:1      | Learned a level 2 spell: Wereblood
  1224 | D:2      | Reached XP level 3. HP: 28/28 MP: 4/6
  1646 | D:2      | Reached skill level 4 in Unarmed Combat
  1655 | D:2      | Reached XP level 4. HP: 28/36 MP: 5/7
  2597 | D:3      | Reached XP level 5. HP: 41/41 MP: 7/9
  3233 | D:4      | Reached skill level 1 in Stealth
  3301 | D:4      | Reached skill level 5 in Unarmed Combat
  3301 | D:4      | Reached XP level 6. HP: 24/49 MP: 8/11
  4036 | D:4      | Your scales start taking on a golden yellow colour.
  4036 | D:4      | Reached XP level 7. HP: 52/56 MP: 8/12
  4036 | D:4      | Gained mutation: You are resistant to acid. (rCorr) [Yellow
                  | Draconian growth]
  4047 | D:4      | Reached skill level 6 in Unarmed Combat
  4351 | D:5      | Entered Level 5 of the Dungeon
  5474 | D:5      | Found a large runed translucent door.
  5474 | D:5      | Found a large runed translucent door.
  5476 | D:5      | Noticed lake5's ghost (novice GrEE)
  5849 | D:6      | Reached XP level 8. HP: 51/63 MP: 13/15
  6189 | D:6      | Reached skill level 5 in Spellcasting
  6260 | D:6      | Reached skill level 7 in Unarmed Combat
  6304 | D:6      | Slain by an orc warrior

Illustrated notes

Levels and vault maps discovered:
D:1:      erik_arrival_cave_to_civilisation [erik_arrival_cave_to_hall],
          layout_loops_ring, corner_web_ring, grunt_decor_clamped
D:2:      layout_loops_ring
D:3:      layout_basic, kennysheep_generic_room_7
D:4:      layout_cave_pools
D:5:      layout_layer_cave, ebering_ghost_disaster_area
D:6:      layout_basic, cheibrodos_sewer_entry_bend,
          chequers_serial_rivers_micro_c, uniq_crazy_yiuf_cottage

Skill      XL: |  1  2  3  4  5  6  7  8 |
---------------+-------------------------+-----
Unarmed Combat | 4 5 6 7 |  7.1
Fighting       | 2 3 |  3.1
Spellcasting   | 3 4 5 |  5.3
Stealth        | 1 2 3 |  3.1
Transmutations | 3 4 |  4.6
Dodging        | |  1.7

Action                   |  1- 3 |  4- 6 |  7- 9 || total
-------------------------+-------+-------+-------++-------
Melee: Unarmed           |   103 |   184 |   137 ||   424
       Kick              |     9 |    27 |    21 ||    57
       Headbutt          |     7 |    10 |    12 ||    29
       Tailslap          |     4 |    16 |     5 ||    25
       Punch             |     1 |     1 |     4 ||     6
 Cast: Beastly Appendage |    20 |    29 |    12 ||    61
       Wereblood         |     1 |     4 |     3 ||     8
  Use: Scroll            |       |     4 |     1 ||     5
 Stab: Sleeping          |       |     1 |     2 ||     3
Armor: Skin              |    33 |    67 |    47 ||   147
Dodge: Dodged            |    73 |   111 |    81 ||   265
